Cogmind - Beta 11.1 @@@ ROGUE MODE // 2022.08.16 @ 23:58:34 Player: CrashCricket Result: Self-destructed Performance ------------- Evolutions (1) 500 Regions Visited (2) 400 Robots Destroyed (13) 65 Value Destroyed (426) 426 Prototype IDs (2) 40 Alien Tech Used (0) 0 Bonus (30) 30 TOTAL SCORE: 1461 Bonus ------- High Alert Combat Kills 30 Cogmind --------- Core Integrity 255/400 Matter 49/300 Energy 265/265 System Corruption 0% Temperature Cool (0) Movement Rolling (135) Ox3 Location -9/Materials Parts ------- > --- POWER (1) -------- Improved Ion Engine > --- PROPULSION (3) --- Wheel Compact Wheel > --- UTILITY (3) ------ Huge Storage Unit Propulsion Shielding Hacking Suite > --- WEAPON (2) ------- EM Pulse Gun > --- INVENTORY (25) --- Ion Engine Improved Ion Engine Wheel Improved Heat Sink Large Storage Unit Core Shielding Utility Shielding Assault Rifle Assault Rifle Grenade Launcher Rocket Launcher Peak State ------------ > --- POWER ------------ Improved Ion Engine > --- PROPULSION ------- Wheel Compact Wheel > --- UTILITY ---------- Huge Storage Unit Propulsion Shielding Hacking Suite > --- WEAPON ----------- Rocket Launcher Rocket Launcher > --- INVENTORY -------- Ion Engine Improved Heat Sink Large Storage Unit EM Pulse Gun Assault Rifle Assault Rifle Grenade Launcher Rocket Launcher Rocket Launcher [Rating: 14] Favorites ----------- Power Improved Ion Engine Engine Improved Ion Engine Propulsion Wheel Wheel Wheel Utility Small Storage Unit Storage Small Storage Unit Hackware Hacking Suite Protection Propulsion Shielding Weapon Rocket Launcher Energy Gun EM Pulse Gun Ballistic Gun Assault Rifle Launcher Rocket Launcher Build | -11 -10 -9 ------- Run | Scr Mat Mat Slots Evolved 2 | . . 2 Power . | . . . Propulsion 1 | . . 1 Utility 1 | . . 1 Weapon . | . . . Parts Attached 16 | 6 5 5 Power 2 | 1 1 . Engine 2 | 1 1 . Core . | . . . Reactor . | . . . Propulsion 3 | 2 1 . Treads . | . . . Leg . | . . . Wheel 3 | 2 1 . Hover . | . . . Flight . | . . . Utility 5 | 1 1 3 Device . | . . . Storage 3 | 1 1 1 Processor . | . . . Hackware 1 | . . 1 Protection 1 | . . 1 Artifact . | . . . Weapon 6 | 2 2 2 Energy Gun 1 | . . 1 Energy Cannon . | . . . Ballistic Gun 2 | 2 . . Ballistic Cannon . | . . . Launcher 3 | . 2 1 Special Weapon . | . . . Impact Weapon . | . . . Slashing Weapon . | . . . Piercing Weapon . | . . . Special Melee Weapon . | . . . Unidentified Prototypes . | . . . Parts Lost 4 | . 1 3 Power . | . . . Propulsion 1 | . 1 . Utility . | . . . Weapon 3 | . . 3 Highest Loss Streak 1 | . 1 1 To Critical Strikes . | . . . Average Slot Usage (%) 86 | . 92 81 Engine 12 | . 14 11 Wheel 23 | . 25 22 Storage 17 | . 23 11 Hackware 5 | . . 10 Protection 5 | . . 11 Energy Gun 1 | . . 2 Ballistic Gun 9 | . 19 . Launcher 10 | . 8 12 Naked Turns . | . . . Heaviest Build 96 | 14 40 96 Greatest Support 26 | 20 26 26 Greatest Overweight (x) 3 | . 3 3 Average Overweight (x) 1 | . . 2 Largest Inventory Capacity 25 | 8 15 25 Average Capacity 17 | 6 12 24 Most Carried 11 | 5 10 11 Average Carried 7 | 1 5 8 Final Capacity 25 | 8 15 25 Final Carried 11 | 1 10 11 Class Distribution -------------------- 100% | Mutant Dominant Class ---------------- Mutant | -10/Materials Mutant | -9/Materials Resources | -11 -10 -9 ----------- Run | Scr Mat Mat Matter Collected 437 | 214 99 124 Remotely . | . . . Salvage Created 254 | . 99 155 Parts 18 | . 7 11 Haulers Intercepted . | . . . Recyclers Shooed . | . . . Parts Field Recycled . | . . . Retrieved Matter . | . . . Parts Self-Destructed . | . . . Prevented . | . . . Kills | -11 -10 -9 ------- Run | Scr Mat Mat Combat Hostiles Destroyed 11 | . 2 9 Guns 3 | . 2 1 AOE 8 | . . 8 Classes Destroyed 5 | . 2 3 Builder 1 | . . 1 Operator 1 | . 1 . Swarmer 2 | . . 2 Grunt 6 | . 2 4 Sentry 3 | . . 3 Best Kill Streak 8 | . 2 8 Combat Bots Only 7 | . 2 7 Max Kills in Single Turn 3 | . 1 3 Gunslinging . | . . . Exploded 2 | . . 2 Melee . | . . . Uniques/NPCs Destroyed . | . . . Combat | -11 -10 -9 -------- Run | Scr Mat Mat Damage Taken 702 | . 248 454 Core 180 | . 35 145 Absorbed by Shields . | . . . Redirected to Shielding 8 | . . 8 Core Remaining (%) 93 | 100 86 . Volleys Fired 31 | . 13 18 Largest 2 | . 2 2 Hottest 66 | . 40 66 Shots Fired 53 | . 26 27 Gun 28 | . 26 2 Cannon . | . . . Launcher 25 | . . 25 Special . | . . . Kinetic 26 | . 26 . Thermal . | . . . Explosive 25 | . . 25 Electromagnetic 2 | . . 2 Robot Hit Streak 7 | . 3 7 Robot Miss Streak 2 | . 2 1 Penetration Max . | . . . Secondary Targets . | . . . Shots Hit Robots 29 | . 12 17 Core Hits 27 | . 6 21 Critical Kills . | . . . Critical Parts Destroyed . | . . . Critical Strikes . | . . . Melee Attacks . | . . . Impact . | . . . Slashing . | . . . Piercing . | . . . Sneak Attacks . | . . . Combat Hostiles . | . . . Follow-up Attacks . | . . . Damage Inflicted 1140 | . 199 941 Guns 203 | . 191 12 Cannons . | . . . Explosions 929 | . . 929 Melee . | . . . Ramming 8 | . 8 . Kinetic 191 | . 191 . Thermal . | . . . Explosive 929 | . . 929 Electromagnetic 12 | . . 12 Impact . | . . . Slashing . | . . . Piercing . | . . . Highest Corruption . | . . . Average Corruption . | . . . Corruption Purged . | . . . Corruption Blocked . | . . . Overload Shots . | . . . Overflow Damage 5 | . . 5 Projectiles . | . . . Explosions 5 | . . 5 Melee . | . . . Knockbacks 1 | . 1 . Impact 1 | . 1 . Kinetic . | . . . Secondary . | . . . Self-Inflicted Damage 101 | . 4 97 Shots 4 | . . 4 Rammed 1 | . 1 . Targets Rammed 1 | . 1 . Kicked . | . . . Crushed . | . . . Highest Temperature 27 | . 6 27 Average Temperature 9 | . 3 13 Received Heat Transfer 282 | . 141 141 Siege Activations . | . . . Robots Corrupted . | . . . Combat Hostiles . | . . . Parts Fried . | . . . Impact Corruptions . | . . . Robots Melted . | . . . Combat Hostiles . | . . . Parts Melted . | . . . Heat Transferred . | . . . Parts Sabotaged . | . . . Parts Stolen . | . . . Parts Stripped . | . . . Power Chain Reactions . | . . . Missiles Intercepted . | . . . Alert | -11 -10 -9 ------- Run | Scr Mat Mat Peak Influence 684 | . 87 684 Initial 36 | . . 36 Average 254 | . 55 496 Maximum Alert Level 2 | . . 2 Low Security (%) 60 | 100 100 13 Level 1 6 | . . 13 Level 2 33 | . . 72 Level 3 . | . . . Level 4 . | . . . Level 5 . | . . . High Security . | . . . Max Security . | . . . Squads Dispatched 2 | . . 2 Investigation . | . . . Extermination . | . . . Reinforcement 2 | . . 2 Assault . | . . . Garrison . | . . . Intercept . | . . . Searches Triggered . | . . . Construction Impeded . | . . . Haulers Reinforced . | . . . Active Scanning Responses . | . . . Cargo Convoy Interrupts . | . . . Stealth | -11 -10 -9 --------- Run | Scr Mat Mat Distress Signals 2 | . . 2 Communications Jammed . | . . . Distress Signals . | . . . Times Spotted 16 | . 4 12 Peak Tracking Total 6 | . 2 6 Tactical Retreats . | . . . Traps | -11 -10 -9 ------- Run | Scr Mat Mat Traps Triggered . | . . . Indirectly . | . . . Trap Hack Attempts . | . . . Triggered . | . . . Disarmed . | . . . Reprogrammed . | . . . Reused . | . . . Traps Extracted . | . . . Installed . | . . . Triggered . | . . . Machines | -11 -10 -9 ---------- Run | Scr Mat Mat Machines Disabled 2 | . . 2 Max in Single Turn 1 | . . 1 Machines Sabotaged . | . . . Garrisons Compromised . | . . . Overloaded Fab Kills . | . . . Hacking | -11 -10 -9 --------- Run | Scr Mat Mat Machines Accessed 2 | . 2 . Terminals 2 | . 2 . Fabricators . | . . . Repair Stations . | . . . Recycling Units . | . . . Scanalyzers . | . . . Garrison Access . | . . . Total Hacks 12 | . 12 . Successful 6 | . 6 . Failed 6 | . 6 . Catastrophic . | . . . Database Lockouts . | . . . Manual . | . . . Terminals 12 | . 12 . Fabricators . | . . . Repair Stations . | . . . Recycling Units . | . . . Scanalyzers . | . . . Garrison Access . | . . . Terminal Hacks 6 | . 6 . Prototype ID Bank 1 | . 1 . Branch Access Points 1 | . 1 . Scanalyzer Index 1 | . 1 . Transport Status 1 | . 1 . Hauler Manifests 1 | . 1 . Zone Layout 1 | . 1 . Fabricator Hacks . | . . . Repair Station Hacks . | . . . Recycling Unit Hacks . | . . . Scanalyzer . | . . . Garrison Access Hacks . | . . . Unauthorized Hacks . | . . . Terminals . | . . . Fabricators . | . . . Repair Stations . | . . . Recycling Units . | . . . Scanalyzers . | . . . Garrison Access . | . . . Data Cores Recovered 1 | . 1 . Used . | . . . Hacking Detections 2 | . 2 . Full Trace Events . | . . . Feedback Events . | . . . Feedback Blocked . | . . . Robot Schematics Acquired . | . . . Robots Built . | . . . Authchips . | . . . Time . | . . . Total Robot Build Rating . | . . . Part Schematics Acquired . | . . . Parts Built . | . . . Authchips . | . . . Time . | . . . Total Part Build Rating . | . . . Parts Repaired . | . . . Time . | . . . Parts Recycled . | . . . Recycled Matter . | . . . Retrieved Matter . | . . . Retrieved Components . | . . . Parts Scanalyzed . | . . . Part Schematics Acquired . | . . . Parts Damaged . | . . . Bothacking | -11 -10 -9 ------------ Run | Scr Mat Mat Used RIF Installer . | . . . Robots Hacked . | . . . Non-combat . | . . . Combat . | . . . Robot Hacks Applied . | . . . Relay Couplers Released . | . . . Fabnet Peak Effective % . | . . . Robots Rewired . | . . . Allies Hacked . | . . . Hacks Repelled . | . . . Allies | -11 -10 -9 -------- Run | Scr Mat Mat Total Allies . | . . . Largest Group . | . . . Highest-Rated Group . | . . . Highest-Rated Ally . | . . . Total Orders . | . . . Ally Attacks . | . . . Total Damage . | . . . Kills . | . . . Allies Corrupted . | . . . Allies Melted . | . . . Intel | -11 -10 -9 ------- Run | Scr Mat Mat Robot Analysis Total . | . . . Derelict Logs Recovered . | . . . Drone Launches . | . . . Drone Recoveries . | . . . Exploration | -11 -10 -9 ------------- Run | Scr Mat Mat Turns Passed 613 | 43 288 282 Spaces Moved 451 | 40 243 168 Core 7 | 7 . . Treads . | . . . Legs . | . . . Wheels 444 | 33 243 168 Hover . | . . . Flight . | . . . Fastest Speed 50 | 50 80 105 Average Speed 107 | 74 94 133 Slowest Speed 135 | 80 125 135 Overloaded Moves . | . . . Propulsion Burnouts . | . . . Robots Hopped . | . . . Cave-ins Triggered . | . . . Exploration Rate (%) 22 | 3 45 19 Regions Visited 2 Branch Regions . Pre-discovered Areas . | . . . Known Exits Taken . | . . . Unknown Exits Taken 2 | 1 1 . Scrap Searched . | . . . Spaces Dug . | . . . Terrain Destroyed 124 | . . 124 Melee . | . . . Projectile . | . . . AOE 124 | . . 124 Terrain Rammed . | . . . Walls Destroyed . | . . . Machines Disabled . | . . . Actions | -11 -10 -9 --------- Run | Scr Mat Mat Total 524 | 52 274 198 Wait . | . . . Move 449 | 39 242 168 Hop . | . . . Pick Up 24 | 7 12 5 Fast Attach . | . . . Attach 12 | 6 2 4 Detach 1 | . . 1 Swap 4 | . 3 1 Drop 2 | . 1 1 Fire 31 | . 13 18 Melee . | . . . Ram 1 | . 1 . Kick . | . . . Crush . | . . . Escape Stasis . | . . . Rewire . | . . . Trap . | . . . Miscellaneous . | . . . Route ------- -11/Scrapyard -10/Materials (discovered 3 exits: [*Mat] / *Min x2) -9/Materials History --------- Turn | Location | Event 3 | -11/Scrapyard | Discovered new exit (range 15) 44 | -11/Scrapyard | Entered Materials 108 | -10/Materials | Discovered new exit (range 8) 157 | -10/Materials | Identified exit to Mines 302 | -10/Materials | Build established: Mutant 316 | -10/Materials | Discovered new exit (range 5) 332 | -10/Materials | Entered another Materials area 332 | -9/Materials | Evolved 2 slots: Propulsion x1, Utility x1 433 | -9/Materials | Destroyed 7 combat bots 614 | -9/Materials | Self-destructed Last Messages --------------- The unstable cave ceiling collapses. ALERT: Hostiles spotted, dispatching reinforcements to Terminal M001. Acquired Wheel. The unstable cave ceiling collapses. Acquired 12 matter. G-34 Mercenary destroyed. Acquired 40 matter. Terminal disabled. Rocket Launcher destroyed. Destroyed Rocket Launcher. The unstable cave ceiling collapses. K-01 Serf collects debris. Acquired 16 matter. K-01 Serf collects debris. Rocket Launcher destroyed. Y-45 Defender destroyed. Acquired 30 matter. Acquired Imp. Ion Engine. Acquired Core Shielding. Acquired Utility Shielding. Map ----- +----------------------------------------------------+ | ????""" # ########????????????? | | ????""" #?????######?? | | # """ """ #????? #? | | # "T" * """ """ #???" #? | | ????""" ## # """ """ #???" ?? | | ????######+ # #### """ """ #??"" ??? | | ????# # #?# """ """ #? "T" ?? | | ????# # #?# #? ???? | | ????# # ##?# ## # #??????? | | ????# #######+# #######? | | ????# # # #? | | ????# "" ?? | | ????# # ## # ## # # ""S??? | | ????# # ## # # # # "" ??? | | ????#####+##### ### # "" # #? | | ??????# #?# # "T" ] ??? | | ??????# ### ] ###????? | | ??#######+####+####[ # #??????? | | ?# # # # # # #??????? | | ?# """ """ # """ # ! # ### # #??????? | | ?# """ """ # = T" # #####?## ## #??????? | | ?? """ """ + """ ##+##########+#?#####??????? | | ?# # # #????????????? | | ?# # # #????????????? | | ?# ######## #????????????? | | ?# #??????# @ #????????????? | | ?###########??????# #????????????? | | ??????????????????# #????????????? | | ??????????????????###############????????????? | | | | | | | | | | | | | | | | | | | | | | | | | | | | | | | | | | | | | | | | | | | +----------------------------------------------------+ Best States ------------- Heat Dissipation 28 Energy Generation 12 Energy Capacity 265 Matter Stores 260 Matter Capacity 300 Sight Range 16 Terrain Scan Density 10 Propulsion Shielding 33 Evasion (%) 44 Offensive Hacking 10 Item Schematics ----------------- None Robot Schematics ------------------ None Fabricated ------------ Nothing Alien Tech Used ----------------- None Achievements -------------- None Challenges ------------ None Game ------ Seed AlloyStealthNullifier Manual? 0 Play Time 00:48:53 Cumulative 17.0 hours Start 2022.07.13 @ 18:24:56 End 2022.08.16 @ 23:58:34 Sessions 3 Manual Loads 0 Difficulty Rogue Special Mode None Game No. 23 Rogue 14 Adventurer 2 Explorer 7 Win Type - Total 0 Types 0/0/0/0/0/0/0/0/0 Lore% 11 Gallery% 21 Achievement% 19 Wizard Run 0 Options --------- ASCII 0 Keyboard 0 Movement Mouse Keybinds 0 Fullscreen 1 Font 18/SmallcapsGlow Map View 76x50 Tactical HUD 0 Map Filters NONE Filters NONE Steam 1 RUN: 6e9f0374-f978-4798-9cf4-622f16beebea